Map: Bridgehead LE (Void)

Players

Nina (Lillekanin) - Winner!

  • Race: Terran Terran
  • League: Master

Jared

  • Race: Protoss Protoss
  • League: Master

Event: Lycan League Weekly August #3

VOD

Have the link to the VOD?

Description

Time

  • Played on: Aug. 17, 2015, 12:37 p.m.
  • Length: 18:28

All games in this series

Show
View Real Time Build Order
Export as new Build Order

Nina Terran - Winner!

Build Orders:  

Get SALT Encoding   

  12  0:01  SCV  
  13  0:13  SCV  
  14  0:18  Supply Depot  
  14  0:25  SCV  
  15  0:40  SCV  
  15  0:41  Barracks  
  16  0:52  SCV  
  17  0:58  Barracks  
  17  1:04  SCV  
  18  1:16  SCV  
  19  1:28  SCV  
  19  1:29  Marine  
  21  1:40  Bunker  
  21  1:44  Orbital Command  
  21  1:46  Marine  
  22  1:55  Marine  
  23  2:12  Supply Depot  
  23  2:34  Command Center  
  23  2:35  SCV  
  24  2:40  Refinery  
  24  2:47  SCV  
  24  2:48  Bunker  
  25  2:53  Marine x2  
  25  2:56  Engineering Bay  
  27  2:59  SCV  
  28  3:11  SCV  
  29  3:14  Marine  
  29  3:18  Marine  
  30  3:23  SCV  
  31  3:28  Supply Depot  
  31  3:30  Refinery  
  31  3:40  Supply Depot  
  31  3:45  SCV, Orbital Command, Marine  
  33  3:55  Bunker  
  33  3:57  SCV  
  34  4:04  Marine  
  34  4:05  Factory  
  34  4:09  SCV, Engineering Bay  
  36  4:11  SCV  
  36  4:15  Marine  
  38  4:21  SCV  
  38  4:22  Marine  
  40  4:27  SCV  
  41  4:37  Missile Turret  
  41  4:39  Supply Depot  
  41  4:40  Barracks Tech Lab  
  41  4:42  SCV  
  41  4:45  SCV, Missile Turret  
  43  4:58  Starport  
  43  5:02  SCV  
  43  5:04  Supply Depot  
  44  5:07  Cyclone  
  44  5:09  SCV  
  44  5:14  Marine  
  48  5:15  Barracks Reactor  
  48  5:18  SCV  
  50  5:24  Armory  
  50  5:25  SCV  
  50  5:30  SCV, Supply Depot  
  50  5:33  Refinery  
  50  5:34  Refinery  
  51  5:37  SCV  
  51  5:40  Cyclone  
  51  5:42  SCV  
  56  5:51  Liberator  
  56  5:57  Command Center  
  56  6:00  SCV x2  
  56  6:03  Barracks Reactor  
  58  6:09  Supply Depot, Liberator  
  61  6:11  Supply Depot  
  61  6:12  SCV  
  61  6:23  Marine  
  62  6:27  SCV  
  62  6:29  SCV  
  67  6:36  Supply Depot  
  67  6:39  SCV  
  68  6:41  Supply Depot, SCV  
  69  6:48  Factory  
  69  6:50  Factory  
  69  6:51  SCV  
  69  6:53  SCV, Widow Mine  
  69  6:54  Widow Mine  
  75  7:02  Supply Depot  
  75  7:03  SCV  
  75  7:04  Supply Depot  
  75  7:05  SCV  
  75  7:06  Viking  
  79  7:10  Armory  
  79  7:15  SCV  
  79  7:16  Orbital Command  
  80  7:26  Factory  
  80  7:30  SCV x2  
  80  7:34  Factory Tech Lab  
  80  7:36  Factory Tech Lab, Terran Vehicle Weapons Level 1  
  82  7:37  Widow Mine x2  
  82  7:42  SCV  
  87  7:44  SCV  
  87  7:49  Orbital Command  
  88  7:54  SCV  
  88  7:57  Unknown  
  89  8:01  Widow Mine x2  
  89  8:02  SCV, Refinery  
  89  8:05  Refinery  
  93  8:06  SCV, Widow Mine  
  93  8:07  Viking  
  98  8:14  SCV  
  98  8:15  Missile Turret  
  98  8:16  SCV  
  98  8:18  SCV, Missile Turret  
  101  8:22  Terran Vehicle And Ship Armor Level 1  
  101  8:26  SCV  
  101  8:27  Starport  
  101  8:28  SCV  
  101  8:30  SCV  
  101  8:31  Barracks Reactor  
  103  8:39  SCV  
  103  8:40  Supply Depot, Widow Mine x2, SCV, Fusion Core  
  109  8:41  Supply Depot  
  109  8:42  Supply Depot, SCV  
  109  8:47  Supply Depot  
  110  8:51  SCV, Drilling Claws  
  110  8:52  SCV  
  110  8:54  SCV  
  110  8:55  Viking  
  115  9:03  SCV  
  115  9:09  Cyclone  
  119  9:12  Viking  
  119  9:16  SCV x2  
  123  9:20  Command Center  
  123  9:25  Viking  
  123  9:27  Viking  
  123  9:28  Viking  
  129  9:32  Factory  
  129  9:36  Supply Depot  
  129  9:38  Supply Depot, Terran Vehicle Weapons Level 2  
  129  9:40  Missile Turret  
  129  9:44  Viking, Missile Turret  
  131  9:49  Unknown  
  131  9:50  Hellbat x2  
  131  9:51  Hellbat x2  
  139  9:58  Viking x2  
  143  10:03  Viking  
  145  10:13  Hellbat x3  
  151  10:14  Viking  
  151  10:15  Widow Mine  
  151  10:18  Missile Turret x2  
  157  10:23  Infernal Pre-Igniter  
  157  10:24  Factory Tech Lab  
  157  10:26  Hellbat  
  157  10:34  Hellbat  
  157  10:35  Hellbat  
  161  10:38  Viking x2  
  161  10:39  Refinery  
  165  10:48  Cyclone  
  165  10:49  Cyclone  
  157  11:08  Widow Mine  
  157  11:09  Widow Mine x2  
  157  11:10  Widow Mine  
  154  11:13  Viking  
  154  11:14  Viking x3  
  162  11:20  Widow Mine  
  159  11:42  Widow Mine x2  
  159  11:43  Viking  
  159  11:44  Viking x3  
  171  11:49  Widow Mine x2  
  175  11:55  Supply Depot, Planetary Fortress  
  175  11:56  Supply Depot  
  175  11:58  Refinery  
  175  11:59  Terran Vehicle And Ship Armor Level 2  
  175  12:05  Command Center  
  175  12:11  Terran Vehicle Weapons Level 3  
  175  12:13  Hellbat  
  175  12:14  Hellbat x3  
  183  12:18  SCV x2, Hellbat  
  187  12:23  Missile Turret  
  187  12:24  Missile Turret  
  187  12:31  Missile Turret  
  187  12:33  Missile Turret  
  187  12:35  Missile Turret  
  187  12:38  Viking x2  
  187  12:41  Missile Turret  
  191  12:49  Viking  
  191  12:55  Viking  
  193  13:05  Missile Turret  
  193  13:22  Missile Turret  
  193  13:42  Missile Turret  
  193  13:46  Missile Turret  
  193  13:47  Missile Turret  
  193  13:57  Command Center  
  193  14:00  Building Armor  
  193  14:01  Widow Mine x2  
  197  14:07  Starport, Widow Mine  
  197  14:08  Starport  
  198  14:11  Hellion  
  198  14:12  Missile Turret  
  200  14:21  Missile Turret x2  
  200  14:22  Missile Turret  
  199  14:37  Missile Turret  
  199  14:43  Missile Turret  
  197  14:48  Terran Ship Weapons Level 1  
  197  14:52  Terran Vehicle And Ship Armor Level 3  
  194  15:02  Missile Turret x2  
  194  15:06  Command Center, Viking x3  
  194  15:07  Command Center  
  197  15:11  Medivac  
  148  15:27  Cyclone x4  
  130  15:29  Liberator x2  
  130  15:30  Starport Reactor x2  
  118  15:36  Viking, Medivac  
  118  15:40  Hi-Sec Auto Tracking, Orbital Command  
  118  15:48  Liberator  
  124  15:54  Liberator  
  124  15:55  Liberator x2  
  124  15:56  Liberator x2  
  124  15:58  Widow Mine x2  
  124  15:59  Missile Turret, Widow Mine x3  
  139  16:12  Liberator x2  
  148  16:22  Planetary Fortress  
  148  16:32  Supply Depot  
  152  16:37  Liberator x2  
  152  16:38  Liberator  
  146  16:47  Liberator x2  
  151  17:12  Liberator  
  88  18:12  SCV x2  
Show
View Real Time Build Order
Export as new Build Order

Jared Protoss 

Build Orders:  

Get SALT Encoding   

  12  0:02  Probe  
  13  0:14  Probe  
  13  0:20  Pylon  
  14  0:38  Probe  
  15  0:43  Pylon  
  15  0:50  Probe  
  15  0:52  Gateway  
  16  1:02  Gateway  
  16  1:06  Probe  
  17  1:14  Gateway  
  17  1:23  Pylon  
  17  1:26  Probe  
  17  1:29  Assimilator  
  18  1:42  Probe  
  18  1:43  Cybernetics Core  
  19  1:54  Probe  
  20  2:06  Probe  
  23  2:14  Nexus  
  21  2:19  Warp Gate (Chrono Boost)  
  21  2:20  Probe (Chrono Boost)  
  22  2:29  Assimilator  
  21  2:32  Probe (Chrono Boost), Adept (Chrono Boost)  
  24  2:38  Probe (Chrono Boost)  
  25  2:50  Probe  
  26  2:58  Pylon  
  26  3:01  Pylon  
  26  3:16  Probe  
  27  3:25  Stargate  
  27  3:28  Probe  
  28  3:38  Probe  
  28  3:40  Probe (Chrono Boost)  
  30  3:46  Gateway  
  30  3:47  Gateway  
  30  3:51  Probe (Chrono Boost), Gateway  
  30  3:52  Probe (Chrono Boost)  
  32  4:01  Probe (Chrono Boost)  
  32  4:02  Probe (Chrono Boost)  
  34  4:08  Probe, Oracle (Chrono Boost)  
  34  4:09  Probe  
  39  4:20  Probe  
  39  4:21  Probe  
  41  4:32  Probe  
  41  4:33  Probe, Pylon  
  43  4:38  Pylon  
  43  4:44  Probe  
  44  4:45  Probe  
  45  4:56  Probe  
  45  4:58  Probe, Fleet Beacon  
  44  5:06  Pylon, Assimilator  
  44  5:08  Probe  
  44  5:10  Probe, Assimilator  
  44  5:12  Stargate  
  46  5:20  Probe  
  50  5:21  Oracle (Chrono Boost)  
  50  5:22  Probe  
  51  5:32  Probe  
  51  5:33  Carrier (Chrono Boost)  
  51  5:34  Probe  
  53  5:42  Pylon  
  53  5:44  Probe  
  60  5:57  Pylon  
  60  5:59  Pylon  
  60  6:01  Probe  
  60  6:02  Nexus, Pylon  
  61  6:04  Probe  
  61  6:05  Carrier (Chrono Boost)  
  61  6:06  Assimilator  
  61  6:08  Assimilator  
  62  6:13  Probe  
  62  6:16  Probe  
  67  6:26  Probe  
  67  6:29  Graviton Catapult (Chrono Boost)  
  67  6:32  Probe  
  69  6:34  Zealot x3  
  75  6:46  Carrier (Chrono Boost)  
  75  6:47  Probe  
  75  6:49  Probe  
  77  7:00  Probe  
  78  7:02  Probe  
  78  7:06  Adept x2  
  89  7:17  Probe  
  89  7:19  Pylon  
  90  7:24  Pylon  
  90  7:32  Probe  
  90  7:35  Carrier (Chrono Boost)  
  91  7:39  Probe  
  92  7:45  Probe  
  92  7:49  Carrier (Chrono Boost)  
  92  7:51  Protoss Air Weapons Level 1 (Chrono Boost)  
  99  7:52  Stargate  
  99  7:54  Stargate  
  99  7:55  Probe, Forge  
  99  7:56  Probe  
  101  8:10  Probe  
  108  8:16  Adept  
  108  8:17  Adept  
  112  8:30  Pylon  
  112  8:31  Pylon  
  110  8:36  Nexus  
  110  8:39  Carrier x2 (Chrono Boost)  
  110  8:45  Probe  
  110  8:47  Carrier (Chrono Boost)  
  125  9:10  Pylon  
  125  9:12  Pylon, Carrier (Chrono Boost)  
  125  9:13  Stalker  
  125  9:14  Stalker x3  
  139  9:37  Cybernetics Core  
  139  9:38  Protoss Shields Level 1 (Chrono Boost), Protoss Air Armor Level 1 (Chrono Boost)  
  139  9:40  Probe  
  139  9:43  Carrier (Chrono Boost)  
  141  9:45  Probe  
  141  9:53  Probe  
  141  9:55  Carrier (Chrono Boost)  
  148  10:10  Probe, Carrier (Chrono Boost)  
  156  10:14  Probe x2  
  157  10:21  Assimilator  
  157  10:23  Assimilator  
  157  10:24  Probe (Chrono Boost)  
  164  10:35  Mothership Core (Chrono Boost)  
  166  10:39  Pylon x2  
  166  10:42  Protoss Air Weapons Level 2 (Chrono Boost), Pylon  
  166  10:47  Pylon  
  153  11:01  Carrier x2  
  141  11:06  Probe  
  142  11:15  Robotics Facility  
  142  11:17  Probe  
  142  11:18  Probe  
  156  11:28  Probe  
  156  11:32  Carrier  
  157  11:44  Probe  
  158  11:52  Nexus  
  158  11:53  Pylon  
  158  12:01  Protoss Air Armor Level 2 (Chrono Boost)  
  164  12:10  Observer (Chrono Boost)  
  164  12:13  Carrier (Chrono Boost)  
  165  12:24  Robotics Bay  
  165  12:26  Pylon  
  165  12:31  Twilight Council  
  171  12:47  Carrier (Chrono Boost)  
  171  12:56  Observer (Chrono Boost)  
  178  13:00  Probe  
  185  13:14  Carrier (Chrono Boost)  
  185  13:16  Observer Gravitic Boosters  
  185  13:30  Observer  
  192  13:49  Protoss Shields Level 2 (Chrono Boost), Protoss Air Weapons Level 3 (Chrono Boost)  
  192  14:11  Pylon  
  192  14:30  Carrier  
  190  14:32  Stalker x4  
  193  14:39  Observer  
  193  14:46  Blink (Chrono Boost)  
  193  14:47  Protoss Air Armor Level 3 (Chrono Boost)  
  193  15:16  Carrier  
  173  15:40  Mothership Core (Chrono Boost)  
  173  15:42  Observer  
  182  15:48  Stalker  
  187  16:55  Oracle  

Tags
 
Add a new tag
Caveats
  • Supply blocks, unpowered buildings, or Contaminate may cause inaccurate times.
  • Supply counts are checked every 10 seconds.